 Dungeon Crawl Stone Soup version 0.28.0-47-ge53b351184 (console) character file.

Game seed: 1187458246144985727

484 Faeu the Shield-Bearer (level 6, -3/56 HPs)
             Began as a Minotaur Fighter on May 2, 2022.
             Slain by Edmund
             ... wielding a +3 dire flail of venom
              (12 damage)
             ... on level 5 of the Dungeon.
             The game lasted 00:11:14 (3698 turns).

Faeu the Shield-Bearer (Minotaur Fighter)           Turns: 3698, Time: 00:11:15

Health: -3/56      AC:  8    Str: 22    XL:     6   Next: 88%
Magic:  0/0        EV: 13    Int:  5    God:
Gold:   153        SH:  5    Dex: 10    Spells: 5/5 levels left

rFire   . . .      SeeInvis .   p - +11 short sword {vorpal, rElec MP-9 Stlth+, short}
rCold   . . .      Faith    .   c - +0 buckler
rNeg    . . .      Spirit   .   b - +0 scale mail
rPois   .          Reflect  .   (helmet restricted)
rElec   +          Harm     .   r - +0 cloak
rCorr   .          Rampage  .   (no gloves)
Will    .....                   (no boots)
Stlth   +.........              (no amulet)
HPRegen 0.18/turn               g - +4 ring of evasion
MPRegen 0.07/turn               (no ring)

@: lethally poisoned (-3 -> -10)
A: horns 2, retaliatory headbutt
a: no special abilities


You were on level 5 of the Dungeon.
You visited 1 branch of the dungeon, and saw 5 of its levels.

You collected 153 gold pieces.


Innate Abilities, Weirdness & Mutations

You have a pair of horns on your head.
You reflexively headbutt those who attack you in melee.


   Skills:
 + Level 5.6 Fighting
 + Level 4.8 Axes
 + Level 5.6 Armour
 + Level 5.7 Shields


You had 5 spell levels left.
You didn't know any spells.
Your spell library was empty.

Inventory:

Hand Weapons
 a - a +0 war axe {axe}
 i - a +1 whip of draining {mace}
   (You took it off a kobold on level 1 of the Dungeon)
 p - the +11 short sword of Naixesan (weapon) {vorpal, rElec MP-9 Stlth+, short}
   (You found it on level 2 of the Dungeon)

   It inflicts extra damage upon your enemies.
   rElec:     It insulates you from electricity.
   MP:        It affects your magic capacity (-9).
   Stlth:     It makes you more stealthy.
 s - a +4 quarterstaff of chaos {staff}
   (You took it off Crazy Yiuf on level 2 of the Dungeon)
Armour
 b - a +0 scale mail (worn)
 c - a +0 buckler (worn)
 r - a +0 cloak (worn)
   (You took it off Crazy Yiuf on level 2 of the Dungeon)
 x - a +0 pair of gloves
   (You found it on level 4 of the Dungeon)
Jewellery
 g - a +4 ring of evasion (left hand)
   (You found it on level 1 of the Dungeon)
 o - a ring of willpower
   (You found it on level 2 of the Dungeon)
Wands
 t - a wand of iceblast (6)
   (You found it on level 3 of the Dungeon)
Scrolls
 f - 2 scrolls of immolation {unknown}
 h - a scroll of amnesia {unknown}
 l - a scroll of magic mapping {unknown}
 m - 2 scrolls of fear {unknown}
 n - 4 scrolls of identify {unknown}
 w - 2 scrolls of enchant weapon {unknown}
Potions
 d - a potion of might
 e - a potion of magic {unknown}
 j - a potion of brilliance {unknown}
 k - a potion of heal wounds {unknown}
 q - a potion of curing {unknown}
 u - a potion of degeneration {unknown}
 v - 2 potions of ambrosia {unknown}

Dungeon Overview and Level Annotations

Branches:
Dungeon (5/15)
 Temple: D:4-7

Altars:

Shops:
D:2 (   D:5 [

Annotations:
D:3 2 transporters, spica's ghost, amateur HOBe
D:5 Edmund

...#....[...
...........
#..........
.......... ###
##.........
....#.....<....
.......@∩......
.......@.......
.............##
.............#
..............#
...[........#.#
............# #
.............
....#..../#...


You could see Edmund.


Message History

The adder closely misses you. You furiously retaliate!
You headbutt the adder!
You kill the adder!
An endoplasm comes into view.
You puncture the endoplasm!
You kill the endoplasm!
You now have 140 gold pieces (gained 17).
You see here a +0 flail {mace}.
f - 2 scrolls labelled PABIEC BUAC (gained 1)
There is a stone staircase leading down here.
You now have 153 gold pieces (gained 13).
You see here a +0 ring mail.
You see here 18 arrows.
Done exploring.
You see here a +0 whip {mace}.
Things that are here:
a +0 dagger {short}; a +0 dagger {short}; a +0 robe
Items here: ))) [.
Items here: )) [[.
You see here a +0 whip {mace}.
Things that are here:
a +0 whip {mace}; a +0 leather armour Done exploring.
(D) Dungeon
Where to? (Enter - D:4, ? - help)
There is a stone staircase leading down here.
You climb downwards.
Found a pair of gloves, a sharpened gold wand and a robe.
Found Donioh's Armour Shoppe.
There is a stone staircase leading up here.
Edmund is nearby!
You climb upwards.
There is a stone staircase leading down here.
Done exploring.
(D) Dungeon
Where to? (Enter - D:5, ? - help)
There is a stone staircase leading down here.
You climb downwards.
Level annotation: Edmund You block Edmund's attack.
There is a stone staircase leading up here.
You hit Edmund. Your headbutt misses Edmund.
Edmund says, "I might not be good at magic, but I can still kill you!"
You block Edmund's attack.
You hit Edmund. You block Edmund's attack.
You closely miss Edmund. You block Edmund's attack.
You hit Edmund but do no damage. Edmund closely misses you.
You hit Edmund.
Edmund hits you with a +3 dire flail of venom!
You are poisoned.
Edmund says, "People accused me of being a cutpurse!"
Edmund misses you. You furiously retaliate!
You headbutt Edmund, but do no damage. 😕 HP[-8]
You take 8 damage, and now have 48/56 hp.
You hit Edmund but do no damage. You headbutt Edmund.
You feel very sick.
Edmund hits you with a +3 dire flail of venom.
You are more poisoned. 😮 HP[-11]
You take 11 damage, and now have 37/56 hp.
You puncture Edmund!
You feel very sick. Edmund closely misses you. 😮 HP[-6]
You take 6 damage, and now have 31/56 hp.
You hit Edmund but do no damage. You headbutt Edmund, but do no damage.
You feel very sick. You block Edmund's attack. 😨 HP[-4]
You take 4 damage, and now have 27/56 hp.
You barely miss Edmund. Your headbutt misses Edmund.
You feel very sick. Edmund hits you but does no damage.
You are more poisoned. 😨 HP[-4]
You take 4 damage, and now have 23/56 hp.
You hit Edmund.
* * * LOW HITPOINT WARNING * * *
You feel very sick. Edmund closely misses you. 😨 HP[-5]
You take 5 damage, and now have 18/56 hp.
You hit Edmund. Your headbutt misses Edmund.
* * * LOW HITPOINT WARNING * * *
You feel very sick. Edmund barely misses you. 😱 HP[-4]
You take 4 damage, and now have 14/56 hp.
You closely miss Edmund.
* * * LOW HITPOINT WARNING * * *
You feel very sick. Edmund misses you. Edmund closely misses you.
You furiously retaliate!
You headbutt Edmund. 😱 HP[-3]
You take 3 damage, and now have 11/56 hp.
You hit Edmund.
* * * LOW HITPOINT WARNING * * *
You feel very sick.
Edmund hits you with a +3 dire flail of venom!
You die...

Skill      XL: |  1  2  3  4  5 |
---------------+----------------+-----
Fighting       | 4 5 |  5.6
Armour         | 4 5 |  5.6
Shields        | 4 5 |  5.7
Axes           | 3 4 |  4.8

Action                   |  1- 3 |  4- 6 || total
-------------------------+-------+-------++-------
Melee: War axe           |    53 |    16 ||    69
       Headbutt          |     7 |    10 ||    17
       Short sword       |       |   110 ||   110
Armor: Scale mail        |    26 |    41 ||    67
Dodge: Dodged            |    34 |    79 ||   113
Block: Buckler           |    14 |    25 ||    39

Levels and vault maps discovered:
D:1:      minmay_arrival_radiant_lines, layout_basic, serial_aquarium,
          aquarium_bridge_square [aquarium_subvault_bridge,
          aquarium_subvault_balcony, aquarium_subvault_bridge,
          aquarium_subvault_balcony], aquarium_window_corridor_3,
          aquarium_window_2, aquarium_view_2d, aquarium_view_2a,
          aquarium_balcony_1b, shapermc_ecumenical_altar_mp_vishouse
D:2:      layout_loops_ring, serial_shops, nicolae_shop_trees,
          serial_park_tiny_1, columned_hall_lemuel, nicolae_grassy_gnolls,
          uniq_crazy_yiuf_cottage
D:3:      layout_loops_ring, serial_glass, glass_columns_a, glass_columns_a,
          gammafunk_ghost_abyssal_escape, minmay_fountain_box
D:4:      layout_loops_cross
D:5:      layout_rooms, nicolae_overflow_quartered_altars,
          nzn_wu_jian_council_hall, tso_metal_star, serial_shops, shop,
          minmay_misc_feat_doors, uniq_edmund

Notes
Turn   | Place    | Note
-------+----------+-------------------------------------------
     0 | D:1      | Faeu the Minotaur Fighter began the quest for the Orb.
     0 | D:1      | Reached XP level 1. HP: 19/19 MP: 0/0
     0 | D:1      | magus.rc [v1.9.6]
    97 | D:1      | Found a faded altar of an unknown god.
   308 | D:1      | Reached XP level 2. HP: 27/27 MP: 1/1
   734 | D:1      | Reached skill level 4 in Fighting
   734 | D:1      | Reached skill level 4 in Armour
   734 | D:1      | Reached skill level 4 in Shields
   972 | D:2      | Reached skill level 3 in Axes
   972 | D:2      | Reached XP level 3. HP: 14/33 MP: 2/2
  1499 | D:2      | Reached XP level 4. HP: 41/41 MP: 3/3
  1503 | D:2      | Found a runed translucent door.
  1504 | D:2      | Noticed Crazy Yiuf
  1792 | D:2      | Identified the +11 short sword of Naixesan {vorpal, rElec
                  | MP-9 Stlth+}
  1906 | D:2      | Found Umocsom's Weapon Emporium.
  2225 | D:2      | Killed Crazy Yiuf
  2226 | D:2      | Reached XP level 5. HP: 47/47 MP: 0/4
  2402 | D:3      | Found a transporter.
  2407 | D:3      | Noticed a small abomination
  2409 | D:3      | Noticed an ancient zyme
  2409 | D:3      | Noticed spica's ghost (amateur HOBe)
  2437 | D:3      | Reached skill level 4 in Axes
  2437 | D:3      | Reached skill level 5 in Armour
  2437 | D:3      | Reached skill level 5 in Shields
  2559 | D:3      | Reached skill level 5 in Fighting
  2741 | D:3      | Found a transporter.
  3057 | D:4      | Noticed a centaur
  3059 | D:4      | Killed a centaur
  3060 | D:4      | Reached XP level 6. HP: 56/56 MP: 0/5
  3673 | D:5      | Entered Level 5 of the Dungeon
  3673 | D:5      | Noticed Edmund
  3673 | D:5      | Found Donioh's Armour Shoppe.
  3696 | D:5      | HP: 14/56 [poisoned by Edmund]
  3698 | D:5      | Slain by Edmund

Vanquished Creatures
  A centaur (D:4)
  A scorpion (D:3)
  An orc priest (D:4)
  A hound (D:4)
  Crazy Yiuf (D:2)
  2 orc wizards (D:4)
  4 gnolls
  7 adders
  A worm (D:3)
  4 dart slugs
  7 orcs (D:4)
  6 ball pythons
  8 bats
  3 endoplasms
  5 giant cockroaches
  12 goblins
  7 hobgoblins
  8 jackals
  2 frilled lizards (D:2)
  7 kobolds
  6 rats
94 creatures vanquished.

Vanquished Creatures (others)
  A fungus (D:2)
  10 plants (D:2)
11 creatures vanquished.

Grand Total: 105 creatures vanquished

Table legend:
 A = Non-vault XP
 B = Vault XP
 C = Vault XP percentage of total XP
 D = Non-vault monster count
 E = Vault monster count
 F = Vault count percentage of total count
                 A         B        C        D         E       F
            +---------+---------+-------+---------+---------+-------
      Total |     595 |      97 |  14.0 |      89 |       5 |   5.3
            +---------+---------+-------+---------+---------+-------
        D:1 |      14 |      14 |  50.0 |       9 |       1 |  10.0
        D:2 |      96 |      83 |  46.4 |      33 |       4 |  10.8
        D:3 |     123 |       0 |   0.0 |      22 |       0 |   0.0
        D:4 |     362 |       0 |   0.0 |      25 |       0 |   0.0
            +---------+---------+-------+---------+---------+-------

Illustrated notes

Table legend:
 A = Kills in this place as a percentage of kills in entire the game.
 B = Kills by you in this place as a percentage of kills by you in the entire game.
 C = Kills by friends in this place as a percentage of kills by friends in the entire game.
 D = Other kills in this place as a percentage of other kills in the entire game.
 E = Experience gained in this place as a percentage of experience gained in the entire game.
 F = Experience gained in this place divided by the number of levels of this place that you have seen.
                   A       B       C       D       E      F
               +-------+-------+-------+-------+-------+----------------------
         Total | 100.0 | 100.0 |   N/A |   N/A | 100.0 | 138.4
       Dungeon | 100.0 | 100.0 |   N/A |   N/A | 100.0 | 138.4
               +-------+-------+-------+-------+-------+----------------------

Table legend: (Time is in decaauts)
 A = Elapsed time spent in this place.
 B = Non-inter-level travel time spent in this place.
 C = Inter-level travel time spent in this place.
 D = Time resting spent in this place.
 E = Time spent auto-exploring this place.
 F = Levels seen in this place.
 G = Mean time per level.
                   A        B        C        D        E       F      G
               +--------+--------+--------+--------+--------+-----+--------+
         Total |   3741 |   3619 |    122 |    450 |   1986 |   5 |  748.2 |
       Dungeon |   3741 |   3619 |    122 |    450 |   1986 |   5 |  748.2 |
               +--------+--------+--------+--------+--------+-----+--------+

Top non-repeatable levels by time:
     D:1: 1188 daAuts
     D:2: 1139 daAuts
     D:3: 702 daAuts
     D:4: 693 daAuts
     D:5: 16 daAuts
